 Dungeon Crawl Stone Soup version 0.22-a0-135-g6f012ad (webtiles) character file.

87 schets the Ruffian (level 4, -1/36 HPs)
             Began as a Draconian Transmuter on Feb 1, 2018.
             Slain by an orc warrior
             ... wielding a +0 trident
              (9 damage)
             ... on level 3 of the Dungeon.
             The game lasted 00:05:22 (3928 turns).

schets the Ruffian (Draconian Transmuter)           Turns: 3928, Time: 00:05:22

Health: -1/36      AC:  8    Str: 12    XL:     4   Next: 28%
Magic:  7/8        EV: 12    Int: 15    God:
Gold:   164        SH:  0    Dex: 11    Spells: 5/8 levels left

rFire    . . .     SeeInvis .     - Unarmed
rCold    . . .     Gourm    .   (no shield)
rNeg     . . .     Faith    .   (armour unavailable)
rPois    .         Spirit   .   (helmet restricted)
rElec    .         Reflect  .   l - +2 cloak
rCorr    .         Harm     .   (no gloves)
MR       .....                  (no boots)
Stlth    +.........             (no amulet)
HPRegen  0.12/turn              (no ring)
MPRegen  0.11/turn              (no ring)

@: appendage (expiring)
A: unfitting armour, horns 2, cold-blooded, AC +5
a: End Transformation


You were on level 3 of the Dungeon.
You were not hungry.
You had grown temporary horns.
You visited 1 branch of the dungeon, and saw 3 of its levels.

You collected 164 gold pieces.

Inventory:

Missiles
 a - 24 arrows
 i - 5 curare-tipped needles
Armour
 l - a +2 cloak (worn)
Scrolls
 d - 2 scrolls of amnesia {unknown}
 e - 3 scrolls of enchant weapon {unknown}
 f - a scroll of fog {unknown}
 h - a scroll of blinking {unknown}
 j - 4 scrolls of teleportation
 m - 2 scrolls of magic mapping {unknown}
 n - 2 scrolls of remove curse {unknown}
Potions
 g - a potion of berserk rage {unknown}
 k - a potion of mutation {unknown}
 o - a potion of resistance {unknown}
 p - a potion of agility {unknown}
 r - 2 potions of magic {unknown}
Books
 b - a book of Changes

   Spells                             Type                      Level
   a - Beastly Appendage              Transmutation                1
   b - Sticks to Snakes               Transmutation                2
   c - Spider Form                    Transmutation/Poison         3
   d - Ice Form                       Ice/Transmutation            4
   e - Blade Hands                    Transmutation                5
Comestibles
 c - 3 rations


   Skills:
 - Level 2.0 Fighting
 + Level 2.2 Dodging
 + Level 3.2 Unarmed Combat
 * Level 2.9 Spellcasting
 * Level 2.9 Transmutations


You had 5 spell levels left.
You knew the following spells:

 Your Spells              Type           Power        Failure   Level  Hunger
a - Beastly Appendage     Tmut           ##....       6%          1    #......
b - Sticks to Snakes      Tmut           ##......     9%          2    ##.....


Dungeon Overview and Level Annotations

Branches:
Dungeon (3/15)

Altars:
Gozag
Hepliaklqana


Innate Abilities, Weirdness & Mutations

Your plain brown scales are hard. (AC +5)
You cannot fit into any form of body armour.
You are cold-blooded and may be slowed by cold attacks.
You have a pair of horns on your head.


Message History

You start waiting.
Done waiting.
Casting: Beastly Appendage (safe; 6% risk of failure)
Confirm with . or Enter, or press ? or * to list all spells.
You grow a pair of large bovine horns.
You climb downwards.
The orc warrior hits you with a trident.
There is a stone staircase leading up, spattered with blood here.
You closely miss the orc warrior.
You headbutt the orc warrior, but do no damage.
The orc warrior hits you with a trident!
You hit the orc warrior but do no damage.
You tail-slap the orc warrior, but do no damage.
Your transformation is almost over.
The orc warrior hits you with a trident!
* * * LOW HITPOINT WARNING * * *
You hit the orc warrior but do no damage.
The orc warrior closely misses you.
The orc warrior hits you with a trident!
You die...

### #.######
#o.....#
#.####o###
##### #.#
#oo@# #....##
#r# #####
#...... #o#
#..o... #o#
#..oo.. #.#
#...... #o#
#......##.###
......o....>#
#.#...###.#.#


You could see an orc warrior, an orc priest and an orc.

Vanquished Creatures
  A gnoll (D:1)
  3 dart slugs
  5 leopard geckos
  2 orcs (D:2)
  2 giant cockroaches (D:1)
  7 hobgoblins
  7 jackals
  10 kobolds
  2 quokkas (D:2)
  5 bats
  6 frilled lizards
  5 goblins
  3 rats
58 creatures vanquished.

Vanquished Creatures (collateral kills)
  A bat (D:2)
1 creature vanquished.

Grand Total: 59 creatures vanquished

Notes
Turn   | Place    | Note
-------+----------+-------------------------------------------
     0 | D:1      | schets the Draconian Transmuter began the quest for the Orb.
     0 | D:1      | Reached XP level 1. HP: 16/16 MP: 3/3
   451 | D:1      | Reached XP level 2. HP: 23/23 MP: 3/5
  1018 | D:1      | Learned a level 2 spell: Sticks to Snakes
  1366 | D:1      | Reached XP level 3. HP: 23/28 MP: 6/6
  2767 | D:2      | Found an opulent altar of Gozag.
  2879 | D:2      | Reached XP level 4. HP: 30/36 MP: 8/8
  3177 | D:2      | Found a hazy altar of Hepliaklqana.
  3568 | D:3      | Noticed an orc warrior
  3928 | D:3      | Slain by an orc warrior

Vault maps used:
D:1:      roderic_crossed_star
D:2:      lemuel_doored_altar, nicolae_gozag_cash_rules_everything_around_me
D:3:      uniq_sigmund, uniq_jessica

Skill      XL: |  1  2  3  4 |
---------------+-------------+-----
Dodging        | 2 |  2.2
Fighting       | 2 |  2.0
Unarmed Combat | |  3.2
Spellcasting   | |  2.9
Transmutations | |  2.9

Action                   |  1- 3 |  4- 6 || total
-------------------------+-------+-------++-------
Melee: Unarmed           |   149 |    64 ||   213
       Tailslap          |     9 |     8 ||    17
       Headbutt          |     6 |     4 ||    10
       Punch             |     2 |       ||     2
       Kick              |     3 |       ||     3
 Cast: Beastly Appendage |    12 |     4 ||    16
       Sticks to Snakes  |     1 |       ||     1
  Use: Scroll            |       |     1 ||     1
  Eat: Chunk             |     6 |     2 ||     8
       Ration            |       |     1 ||     1
Armor: Skin              |    45 |    28 ||    73
Dodge: Dodged            |    90 |    52 ||   142

Table legend:
 A = Spawn XP
 B = Non-spawn XP
 C = Spawn XP percentage of total XP
 D = Spawn monster count
 E = Non-spawn monster count
 F = Spawn count percentage of total count
 G = Total turns spent on level
                    A         B        C        D         E        F      G
               +---------+---------+-------+---------+---------+-------+---------
         Total |       0 |     125 |   0.0 |       0 |      59 |   0.0 |  3928
               +---------+---------+-------+---------+---------+-------+---------
           D:1 |       0 |      74 |   0.0 |       0 |      32 |   0.0 |  2357
           D:2 |       0 |      50 |   0.0 |       0 |      26 |   0.0 |  1525
           D:3 |       0 |       1 |   0.0 |       0 |       1 |   0.0 |    46
               +---------+---------+-------+---------+---------+-------+---------
